 Dungeon Crawl Stone Soup version 0.31-a0-145-g046c7d2549 (webtiles) character file.

Game seed: 10539699549972843071

220 Dittersdorf the Shield-Bearer (level 5, -3/34 HPs)
             Began as a Gargoyle Fighter on June 6, 2023.
             Slain by Pikel
             ... wielding a +2 whip of electrocution
              (4 damage)
             ... on level 3 of the Dungeon.
             The game lasted 00:04:03 (3058 turns).

Dittersdorf the Shield-Bearer (Gargoyle Fighter)    Turns: 3058, Time: 00:04:03

Health: -3/34      AC: 12    Str: 21    XL:     5   Next: 97%
Magic:  5/5        EV:  9    Int:  9    God:
Gold:   174        SH:  4    Dex:  9    Spells: 4/4 levels left

rFire   . . .        m - +0 morningstar (chaos)
rCold   . . .        c - +0 buckler
rNeg    + . .        b - +0 scale mail
rPois   ∞            (no helmet)
rElec   +            t - scarf {+Inv}
rCorr   +            k - +0 pair of gloves
SInv    .            (no boots)
Will    .....        (no amulet) Stlth
                     p - ring of resist corrosion
HPRegen 0.25/turn    (no ring)
MPRegen 0.09/turn

%: no passive effects
@: no status effects
A: sickness immunity, AC +4, negative energy resistance 1, electricity
resistance, torment resistance 1, petrification resistance
a: Evoke Invisibility


You were on level 3 of the Dungeon.
You visited 1 branch of the dungeon, and saw 4 of its levels.

You collected 174 gold pieces.

Inventory:

Hand Weapons
 m - a +0 morningstar of chaos (weapon)
Missiles
 j - 10 poisoned darts (quivered)
Armour
 b - a +0 scale mail (worn)
 c - a +0 buckler (worn)
 k - a +0 pair of gloves (worn)
 t - a scarf of invisibility (worn)
Jewellery
 p - a ring of resist corrosion (left hand)
Scrolls
 e - a scroll of fear
Potions
 a - a potion of magic {unknown}
 d - a potion of might
 g - 3 potions of curing
 n - a potion of enlightenment
 o - a potion of heal wounds
 q - a potion of haste


   Skills:
 + Level 4.5 Fighting
 + Level 3.3 Maces & Flails
 + Level 4.4 Armour
 + Level 4.5 Shields


You had 4 spell levels left.
You didn't know any spells.
Your spell library contained the following spells:

 Spells                   Type           Power      Damage    Failure   Level
 Ensorcelled Hibernation  Hex/Ice        0%         N/A       89%         2
 Passwall                 Tmut/Erth      0%         N/A       89%         2
 Swiftness                Air            0%         N/A       98%         3


Dungeon Overview and Level Annotations

Branches:
Dungeon (4/15)
 Temple: D:4-7

Altars:
Wu Jian

Annotations:
D:3 Pikel


Innate Abilities, Weirdness & Mutations

You are immune to sickness and miasma.
Your stone body is resilient. (AC +4)
You are immune to poison.
You resist negative energy. (rN+)
You are resistant to electric shocks. (rElec)
You are resistant to unholy torment.
You are immune to petrification.


Message History

You barely miss Pikel.
Pikel is moderately wounded.
Pikel hits you but does no damage. The lemure barely misses you.
You block Pikel's attack. The lemure barely misses you.
You closely miss Pikel.
Pikel is moderately wounded.
Pikel closely misses you. You block the lemure's attack.
You barely miss Pikel.
Pikel is moderately wounded.
Pikel hits you but does no damage. The lemure hits you but does no damage.
You hit Pikel but do no damage.
Space warps horribly around Pikel!
Pikel is severely wounded.
Pikel hits you with a +2 whip of electrocution.
The lemure hits you but does no damage. You block Pikel's attack.
The lemure hits you.
* * * LOW HITPOINT WARNING * * *
You hit Pikel.
You feel better.
Pikel is severely wounded.
Pikel barely misses you. The lemure hits you!
* * * LOW HITPOINT WARNING * * *
You barely miss Pikel.
Pikel is severely wounded.
You block Pikel's attack. The lemure barely misses you.
You puncture the lemure!
The lemure appears confused.
The lemure is severely wounded.
Pikel closely misses you. You block the lemure's attack.
Pikel hits you but does no damage. The lemure misses you.
You hit the lemure. Lightning courses through the lemure!
You kill the lemure!
That felt strangely unrewarding.
You block Pikel's attack. Pikel attacks as you move away!
Pikel hits you but does no damage.
You barely miss Pikel.
Pikel is severely wounded.
Pikel hits you but does no damage.
You closely miss Pikel.
Pikel is severely wounded.
Pikel hits you with a +2 whip of electrocution!
* * * LOW HITPOINT WARNING * * *
Pikel hits you with a +2 whip of electrocution.
You die...

########)#...#.#.# ##########
#..........#.#.#[##### .........#
#............#....)... ########.#
#..........#.#....[... #.#
#.................<... # #>#
#..........#.######### #
###.###............##.......
######.....#..........####.......
#....#.....#..##@#...............
#.##.#.....##.##K#..########.....
#†##.#.....##.##.#..# #.....
#.##.#†....##.##>#..# #.....
#.##.#.....##.##.#..########.....
#.#...<....##.##.#..............)
#.#.####.###...#.##.###..........
#.#.# #.# #.#(#....# #.........#
#.#.# #.###.#.###..# #.........#


You could see Pikel.

Vanquished Creatures
  2 lemures (D:3)
  A howler monkey (D:4)
  An orc priest (D:3)
  An orc wizard (D:3)
  3 adders
  A white imp (D:3)
  4 worms
  3 dart slugs
  3 orcs (D:3)
  3 ball pythons
  7 bats
  10 endoplasms
  4 giant cockroaches
  5 goblins
  3 hobgoblins
  2 jackals (D:1)
  3 quokkas
  6 frilled lizards
  9 kobolds
  5 rats
76 creatures vanquished.

Notes
Turn   | Place    | Note
-------+----------+-------------------------------------------
     0 | D:1      | Dittersdorf the Gargoyle Fighter began the quest for the
                  | Orb.
     0 | D:1      | Reached XP level 1. HP: 14/14 MP: 1/1
   243 | D:1      | Reached XP level 2. HP: 10/19 MP: 2/2
   448 | D:1      | Reached XP level 3. HP: 23/23 MP: 3/3
   923 | D:2      | Found a faded altar of an unknown god.
   949 | D:2      | Identified the +11 plate armour of the Rose {Harm Rampage
                  | rF+ rN+}
  1145 | D:2      | Reached XP level 4. HP: 13/29 MP: 4/4
  2091 | D:3      | Found an ornate altar of the Wu Jian Council.
  2382 | D:3      | Reached XP level 5. HP: 30/33 MP: 5/5
  3015 | D:4      | Noticed a lemure
  3016 | D:4      | Noticed a lemure
  3017 | D:4      | Noticed Pikel
  3021 | D:4      | Noticed a lemure
  3030 | D:3      | Killed a lemure
  3038 | D:4      | Noticed a lemure
  3053 | D:3      | Killed a lemure
  3058 | D:3      | HP: 1/34 [Pikel/+2 whip of electrocution (7)]
  3058 | D:3      | Slain by Pikel

Illustrated notes

Levels and vault maps discovered:
D:1:      elethiomel_arrival_infinity_welcomes_careful_drivers, layout_basic
D:2:      layout_rooms, chequers_ecumenical_altar_simple, serial_rivers,
          chequers_serial_rivers_small_a, chequers_serial_rivers_micro_e,
          chequers_serial_rivers_small_a, chequers_serial_rivers_room_b,
          chequers_serial_rivers_micro_b, roderic_serpentine_path,
          interstate_on_off
D:3:      minmay_general_purpose_star, layout_basic,
          nicolae_wu_jian_wuxing_cycle
D:4:      wander_river, layout_layer_cave, trog_three_pillars_becter,
          amcnicky_altar_gilded, uniq_pikel

Skill      XL: |  1  2  3  4 |
---------------+-------------+-----
Fighting       | 4 |  4.5
Shields        | 4 |  4.5
Armour         | 4 |  4.4
Maces & Flails | 3 |  3.3

Action                     |  1- 3 |  4- 6 || total
---------------------------+-------+-------++-------
  Melee: Flail             |   107 |    65 ||   172
         Morningstar       |       |    94 ||    94
    Use: Scroll            |       |    10 ||    10
 Armour: Scale mail        |    78 |    79 ||   157
  Dodge: Dodged            |    56 |    81 ||   137
  Block: Buckler           |    26 |    41 ||    67

Table legend: (Time is in decaauts)
 A = Elapsed time spent in this place.
 B = Non-inter-level travel time spent in this place.
 C = Inter-level travel time spent in this place.
 D = Time resting spent in this place.
 E = Time spent auto-exploring this place.
 F = Levels seen in this place.
 G = Mean time per level.
                   A        B        C        D        E       F      G
               +--------+--------+--------+--------+--------+-----+--------+
         Total |   3151 |   3019 |    132 |     92 |   2255 |   4 |  787.8 |
       Dungeon |   3151 |   3019 |    132 |     92 |   2255 |   4 |  787.8 |
               +--------+--------+--------+--------+--------+-----+--------+

Top non-repeatable levels by time:
     D:3: 1292 daAuts
     D:1: 924 daAuts
     D:2: 785 daAuts
     D:4: 149 daAuts
